 Dungeon Sprint DCSS version 0.29-a0-998-g1987434951 (webtiles) character file.

Game seed: 895975954574894319

21 Hubris850 the Insei (level 2, -1/21 HPs)
             Began as a Merfolk Transmuter on Aug 5, 2022.
             Was an Initiate of Ru.
             Slain by a scorpion (6 damage)
             ... in the Dungeon (Sprint VII: "The Pits").
             The game lasted 00:01:20 (242 turns).

Hubris850 the Insei (Merfolk Transmuter)             Turns: 242, Time: 00:01:21

Health: -1/21      AC:  2    Str: 10    XL:     2   Next: 83%
Magic:  6/6        EV: 12    Int: 12    God:    Ru [......]
Gold:   0          SH:  0    Dex: 14    Spells: 6/7 levels left

rFire   . . .      SeeInvis .     - Unarmed
rCold   . . .      Faith    .   (no shield)
rNeg    . . .      Spirit   .   a - +0 robe
rPois   .          Reflect  .   (no helmet)
rElec   .          Harm     .   (no cloak)
rCorr   .          Rampage  .   (no gloves)
Will    .....      NoTele   +   (no boots)
Stlth   +.........              (no amulet)
HPRegen 0.07/turn               (no ring)
MPRegen 0.10/turn               (no ring)

@: no status effects
A: (nimble swimmer 2), mertail
a: Renounce Religion


You were in the Dungeon.
You worshipped Ru.
Ru was noncommittal.
You visited 1 branch

Inventory:

Armour
 a - a +0 robe (worn)
Scrolls
 h - a scroll of blinking
 i - 5 scrolls of amnesia
 j - a scroll of summoning
Potions
 b - a potion of lignification
 c - a potion of curing
 d - 2 potions of berserk rage
 e - a potion of haste
 f - 4 potions of magic
 g - 2 potions of invisibility


   Skills:
 - Level 1.1 Fighting
 - Level 2.6 Dodging
 + Level 4.4 Unarmed Combat
 + Level 3.1 Spellcasting
 + Level 4.4 Transmutations
 + Level 2.6 Ice Magic


You had 6 spell levels left.
You knew the following spells:

 Your Spells              Type           Power      Damage    Failure   Level
a - Beastly Appendage     Tmut           24%        N/A       4%          1

Your spell library contained the following spells:

 Spells                   Type           Power      Damage    Failure   Level
 Wereblood                Tmut           12%        N/A       6%          2
 Spider Form              Tmut/Pois      7%         N/A       30%         3
 Ice Form                 Ice/Tmut       10%        N/A       50%         4


Dungeon Overview and Level Annotations

Branches:
Dungeon (1/1)

Altars:
Ashenzari
Cheibriados
Dithmenos
Elyvilon
Fedhas
Gozag
Hepliaklqana
Kikubaaqudgha
Makhleb
Nemelex Xobeh
Okawaru
Qazlal
Ru
Sif Muna
Trog
Uskayaw
Vehumet
Wu Jian
Xom
Yredelemnul
Zin
The Shining One
Jiyva
Lugonu


Innate Abilities, Weirdness & Mutations

((You are very nimble when in or above water. (Stealth+, EV+, Speed+++)))
Your lower body shifts to a powerful aquatic tail in water.


Message History

The scorpion is lightly wounded.
The scorpion misses you.
You hit the scorpion.
The scorpion is moderately wounded.
The scorpion stings you.
You barely miss the scorpion.
The scorpion is moderately wounded.
The scorpion closely misses you.
You completely miss the scorpion.
The scorpion is moderately wounded.
The scorpion stings you. x2
You barely miss the scorpion.
The scorpion is moderately wounded.
The scorpion completely misses you.
You hit the scorpion but do no damage.
The scorpion is moderately wounded.
The scorpion barely misses you.
You closely miss the scorpion.
The scorpion is moderately wounded.
The scorpion barely misses you.
You hit the scorpion but do no damage.
The scorpion is moderately wounded.
The scorpion completely misses you.
You closely miss the scorpion.
The scorpion is moderately wounded.
The scorpion barely misses you.
You hit the scorpion but do no damage.
The scorpion is moderately wounded.
The scorpion stings you.
You hit the scorpion but do no damage.
The scorpion is moderately wounded.
The scorpion stings you but does no damage.
You hit the scorpion but do no damage.
The scorpion is moderately wounded.
The scorpion stings you.
* * * LOW HITPOINT WARNING * * *
You hit the scorpion but do no damage.
The scorpion is moderately wounded.
The scorpion stings you.
You die...

#.?(.')))'.##......#..#
##########.##..........
#...........'...........
+#####'#####......#..#.
#. #...'.##...........
#..#...#.#####'#####+
#..#####.##.......#
#..'...#.##.......#
#..'..s@.##.......#
#..########...<...# #.
#.......# # #.......#
#.......# #########


You could see a scorpion.

Vanquished Creatures
  An adder (D)
  An ufetubus (D)
  An adder zombie (D)
  A quokka (D)
  A rat (D)
5 creatures vanquished.

Notes
Turn   | Place    | Note
-------+----------+-------------------------------------------
     0 | D        | Hubris850 the Merfolk Transmuter began the quest for the
                  | Orb.
     0 | D        | Reached XP level 1. HP: 15/15 MP: 3/3
    24 | D        | Reached skill level 1 in Ice Magic
    96 | D        | Found a bloodstained altar of Trog.
    96 | D        | Found a shimmering blue altar of Sif Muna.
    96 | D        | Found a viscous altar of Jiyva.
    96 | D        | Found a hazy altar of Hepliaklqana.
    96 | D        | Found an opulent altar of Gozag.
    97 | D        | Found a glowing golden altar of the Shining One.
    97 | D        | Found a glowing silver altar of Zin.
    97 | D        | Found a basalt altar of Yredelemnul.
    97 | D        | Found a shimmering altar of Xom.
    97 | D        | Found an ornate altar of the Wu Jian Council.
    97 | D        | Found a sacrificial altar of Ru.
    97 | D        | Found a stormy altar of Qazlal.
    97 | D        | Found an iron altar of Okawaru.
    97 | D        | Found a sparkling altar of Nemelex Xobeh.
    97 | D        | Found a burning altar of Makhleb.
    97 | D        | Found a blossoming altar of Fedhas.
    97 | D        | Found a white marble altar of Elyvilon.
    97 | D        | Found a shadowy altar of Dithmenos.
    97 | D        | Found a snail-covered altar of Cheibriados.
    99 | D        | Found a corrupted altar of Lugonu.
    99 | D        | Found a radiant altar of Vehumet.
   100 | D        | Found an ancient bone altar of Kikubaaqudgha.
   100 | D        | Found a hide-covered altar of Uskayaw.
   100 | D        | Found a broken altar of Ashenzari.
   111 | D        | Became a worshipper of Ru the Awakened
   128 | D        | Reached XP level 2. HP: 16/21 MP: 3/5
   224 | D        | Noticed a scorpion
   242 | D        | Slain by a scorpion

Illustrated notes

Levels and vault maps discovered:
D:        pitsprint [storerooms_1, entrance_room_1, metal_vault_2, armoury_2,
          mini_pit_1, grid_room_1, main_hall_1, silver_pit, the_coven_2,
          the_vestibule_1, steel_vault_5, golden_pit, hallway_of_sentries,
          crystal_vault_4, iron_vault_4, final_vault]

Skill      XL: |  1  2 |
---------------+-------+-----
Transmutations | 3 4 |  4.4
Ice Magic      | 2 |  2.6
Unarmed Combat | 4 |  4.4
Spellcasting   | 3 |  3.1
Fighting       | |  1.1
Dodging        | |  2.6

Action                   || total
-------------------------++-------
Melee: Unarmed           ||    39
       Punch             ||     1
  Use: Potion            ||     2
Armor: Robe              ||     7
Dodge: Dodged            ||    21

Table legend: (Time is in decaauts)
 A = Elapsed time spent in this place.
 B = Non-inter-level travel time spent in this place.
 C = Inter-level travel time spent in this place.
 D = Time resting spent in this place.
 E = Time spent auto-exploring this place.
 F = Levels seen in this place.
 G = Mean time per level.
                   A        B        C        D        E       F      G
               +--------+--------+--------+--------+--------+-----+--------+
         Total |    248 |    248 |      0 |    134 |      0 |   1 |  248.0 |
       Dungeon |    248 |    248 |      0 |    134 |      0 |   1 |  248.0 |
               +--------+--------+--------+--------+--------+-----+--------+

Top non-repeatable levels by time:
       D: 248 daAuts
